EL
SAN JOSE GIANTS @ BILOXI SHUCKERS
09/11/2047
 
TOP OF THE 1ST
San Jose Giants batting - Pitching for Biloxi Shuckers : LHP Jamie Blake
Pitching: LHP Jamie Blake
Batting: RHB Yutaka Oki 0-0: Ball
1-0: Fly out, F2 (Popup, 5SF, EV 75.6 MPH)
Batting: RHB Justin Baldwin 0-0: Ball
1-0: Ball
2-0: Swinging Strike
2-1: Foul Ball, location: 2F
2-2: Foul Ball, location: 2F
2-2: Ball
3-2: Fly out, F9 (Flyball, 89M, EV 80.0 MPH)
Batting: RHB Nick Wicker 0-0: Swinging Strike
0-1: Ball
1-1: Ball
2-1: Swinging Strike
2-2: TRIPLE (Line Drive, 89XD, EV 106.2 MPH)
Batting: RHB Dinand Brouwer 0-0: Ball
1-0: Called Strike
1-1: Ball
2-1: Called Strike
2-2: Foul Ball, location: 2F
2-2: Ball
3-2: Fly out, F7 (Line Drive, 78M, EV 104.4 MPH)
Top of the 1st over - 0 runs, 1 hit, 0 errors, 1 left on base; San Jose 0 - Biloxi 0
BOTTOM OF THE 1ST
Biloxi Shuckers batting - Pitching for San Jose Giants : RHP Dave Crouch
Pitching: RHP Dave Crouch
Batting: RHB Hector Silva 0-0: Ball
1-0: Swinging Strike
1-1: SINGLE (Groundball, 56D, EV 104.4 MPH)
Batting: RHB Herb McIntyre 0-0: Called Strike
0-1: Ball
1-1: Swinging Strike
1-2: Strikes out swinging
Hector Silva steals 2nd base
Batter strikes out.
Batting: LHB Adam Hill 0-0: Called Strike
0-1: Swinging Strike
0-2: Ball
1-2: Strikes out swinging
Batting: RHB Ben Taylor 0-0: Ball
1-0: Ball
2-0: Ball
3-0: Called Strike
3-1: Foul Ball, location: 2F
3-2: Strikes out swinging
Bottom of the 1st over - 0 runs, 1 hit, 0 errors, 1 left on base; San Jose 0 - Biloxi 0
TOP OF THE 2ND
San Jose Giants batting - Pitching for Biloxi Shuckers : LHP Jamie Blake
Batting: SHB David Barona 0-0: Ball
1-0: Called Strike
1-1: Called Strike
1-2: Fly out, F9 (Line Drive, 9, EV 98.1 MPH)
Batting: LHB Tony Galvan 0-0: Foul Ball, location: 2F
0-1: Swinging Strike
0-2: Ball
1-2: Ball
2-2: Foul Ball, location: 2F
2-2: Ball
3-2: Base on Balls
Batting: RHB Dave Crouch 0-0: Swinging Strike
0-1: Ball
1-1: Foul Ball, location: 2F
1-2: Ball
2-2: Strikes out swinging
Batting: LHB Jared Paige 0-0: Ball
1-0: Swinging Strike
1-1: Called Strike
1-2: Ball
2-2: Foul Ball, location: 2F
2-2: Ball
3-2: SINGLE (Groundball, 34D, EV 102.5 MPH)
Tony Galvan to second
Tony Galvan to third
Batting: LHB Willie Ceniceros 0-0: Fly out, F8 (Flyball, 8LM, EV 75.0 MPH)
Top of the 2nd over - 0 runs, 1 hit, 0 errors, 2 left on base; San Jose 0 - Biloxi 0
BOTTOM OF THE 2ND
Biloxi Shuckers batting - Pitching for San Jose Giants : RHP Dave Crouch
Batting: RHB Vinny Estrada 0-0: Called Strike
0-1: Swinging Strike
0-2: Ball
1-2: Foul Ball, location: 2F
1-2: Ball
2-2: Foul Ball, location: 2F
2-2: Strikes out swinging
Batting: RHB Brian Landrum 0-0: Foul Ball, location: 2F
0-1: Ball
1-1: Ground out 4-3 (Groundball, 4, EV 106.2 MPH)
Batting: RHB Cameron Rattenbury 0-0: Fly out, F8 (Flyball, 8RM, EV 96.9 MPH)
Bottom of the 2nd over - 0 runs, 0 hits, 0 errors, 0 left on base; San Jose 0 - Biloxi 0
TOP OF THE 3RD
San Jose Giants batting - Pitching for Biloxi Shuckers : LHP Jamie Blake
Batting: RHB Yutaka Oki 0-0: Called Strike
0-1: Ball
1-1: Ball
2-1: Ball
3-1: Swinging Strike
3-2: SINGLE (Flyball, 6D, EV 95.0 MPH)
Batting: RHB Justin Baldwin 0-0: Ball
Yutaka Oki steals 2nd, throwing error, E2
Yutaka Oki to third
1-0: Ball
2-0: Called Strike
2-1: Foul Ball, location: 2F
2-2: Foul Ball, location: 2F
2-2: SINGLE (Line Drive, 8LM, EV 104.4 MPH)
Yutaka Oki scores
Batting: RHB Nick Wicker 0-0: Ball
1-0: Foul Ball, location: 2F
1-1: Foul Ball, location: 2F
1-2: Ground out 4-3 (Groundball, 4S, EV 70.0 MPH)
Justin Baldwin to second
Batting: RHB Dinand Brouwer 0-0: Ground out 5-3 (Groundball, 56S, EV 81.9 MPH)
Batting: SHB David Barona 0-0: Called Strike
0-1: Ball
1-1: Foul Ball, location: 2F
1-2: Foul Ball, location: 2F
1-2: Ball
2-2: Foul Ball, location: 2F
2-2: Strikes out looking
Top of the 3rd over - 1 run, 2 hits, 1 error, 1 left on base; San Jose 1 - Biloxi 0
BOTTOM OF THE 3RD
Biloxi Shuckers batting - Pitching for San Jose Giants : RHP Dave Crouch
Batting: LHB Paul Collins 0-0: Ball
1-0: Swinging Strike
1-1: Foul Ball, location: 2F
1-2: Strikes out swinging
Batting: SHB Robert Sayer 0-0: Bunt missed!
0-1: Foul Ball, location: 2F
0-2: Ground out U3 (Groundball, 3, EV 86.2 MPH)
Batting: RHB Hector Silva 0-0: SINGLE (Groundball, 56D, EV 108.8 MPH) (infield hit)
Batting: RHB Herb McIntyre 0-0: Ball
1-0: Ball
Hector Silva steals 2nd base
2-0: Ball
3-0: Called Strike
3-1: Foul Ball, location: 2F
3-2: Strikes out looking
Bottom of the 3rd over - 0 runs, 1 hit, 0 errors, 1 left on base; San Jose 1 - Biloxi 0
TOP OF THE 4TH
San Jose Giants batting - Pitching for Biloxi Shuckers : LHP Jamie Blake
Batting: LHB Tony Galvan 0-0: Foul Ball, location: 2F
0-1: Ball
1-1: Swinging Strike
1-2: Strikes out swinging
Batting: RHB Dave Crouch 0-0: Foul Ball, location: 2F
0-1: Called Strike
0-2: Foul Ball, location: 2F
0-2: Ball
1-2: Strikes out swinging
Batting: LHB Jared Paige 0-0: Called Strike
0-1: Foul Ball, location: 2F
0-2: Ball
1-2: Ground out 4-3 (Groundball, 4, EV 86.9 MPH)
Top of the 4th over - 0 runs, 0 hits, 0 errors, 0 left on base; San Jose 1 - Biloxi 0
BOTTOM OF THE 4TH
Biloxi Shuckers batting - Pitching for San Jose Giants : RHP Dave Crouch
Batting: LHB Adam Hill 0-0: Ball
1-0: Foul Ball, location: 2F
1-1: Swinging Strike
1-2: Foul Ball, location: 2F
1-2: Ground out 5-3 (Groundball, 56S, EV 89.4 MPH)
Batting: RHB Ben Taylor 0-0: Swinging Strike
0-1: Ball
1-1: Ball
2-1: Foul Ball, location: 2F
2-2: Ball
3-2: Ground out 6-3 (Groundball, 56, EV 81.9 MPH)
Batting: RHB Vinny Estrada 0-0: Called Strike
0-1: Ball
1-1: Ground out 2-3 (Groundball, 2L, EV 67.5 MPH)
Bottom of the 4th over - 0 runs, 0 hits, 0 errors, 0 left on base; San Jose 1 - Biloxi 0
TOP OF THE 5TH
San Jose Giants batting - Pitching for Biloxi Shuckers : LHP Jamie Blake
Batting: LHB Willie Ceniceros 0-0: Ground out 4-3 (Groundball, 4, EV 84.4 MPH)
Batting: RHB Yutaka Oki 0-0: Ball
1-0: Called Strike
1-1: Ball
2-1: SOLO HOME RUN (Flyball, 7D, EV 93.8 MPH), Distance : 368 ft
Batting: RHB Justin Baldwin 0-0: Ball
1-0: Called Strike
1-1: Ball
2-1: Ball
3-1: Base on Balls
Batting: RHB Nick Wicker 0-0: Ball
1-0: Swinging Strike
1-1: Ball
2-1: Foul Ball, location: 2F
2-2: Fly out, F7 (Flyball, 7D, EV 105.0 MPH)
Batting: RHB Dinand Brouwer 0-0: Ground out 1-3 (Groundball, 15S, EV 74.4 MPH)
Top of the 5th over - 1 run, 1 hit, 0 errors, 1 left on base; San Jose 2 - Biloxi 0
BOTTOM OF THE 5TH
Biloxi Shuckers batting - Pitching for San Jose Giants : RHP Dave Crouch
Batting: RHB Brian Landrum 0-0: Ball
1-0: Called Strike
1-1: Swinging Strike
1-2: Strikes out swinging
Batting: RHB Cameron Rattenbury 0-0: Ball
1-0: Ball
2-0: SINGLE (Line Drive, 6D, EV 96.9 MPH)
Batting: LHB Paul Collins 0-0: Foul Ball, location: 2F
0-1: Foul Ball, location: 2F
0-2: Fly out, F8 (Line Drive, 89M, EV 93.8 MPH)
Batting: SHB Robert Sayer 0-0: Ball
1-0: Swinging Strike
1-1: Ball
2-1: Fielders Choice at 2nd, U4 (Groundball, 4M, EV 85.0 MPH)
Bottom of the 5th over - 0 runs, 1 hit, 0 errors, 1 left on base; San Jose 2 - Biloxi 0
TOP OF THE 6TH
San Jose Giants batting - Pitching for Biloxi Shuckers : LHP Jamie Blake
Pitching: RHP Josh Kenyon
Batting: SHB David Barona 0-0: Foul Ball, location: 2F
0-1: Ball
1-1: Called Strike
1-2: Strikes out swinging
Batting: LHB Tony Galvan 0-0: Called Strike
0-1: Reached on error, E5 (Groundball, 56, EV 108.8 MPH)
Batting: RHB Dave Crouch 0-0: Ball
Tony Galvan is caught stealing 3rd base 2-5
1-0: Swinging Strike
1-1: Ball
2-1: Ball
3-1: Fly out, F8 (Flyball, 8LXD, EV 96.2 MPH)
Top of the 6th over - 0 runs, 0 hits, 1 error, 0 left on base; San Jose 2 - Biloxi 0
BOTTOM OF THE 6TH
Biloxi Shuckers batting - Pitching for San Jose Giants : RHP Dave Crouch
Batting: RHB Hector Silva 0-0: Called Strike
0-1: Ball
1-1: Called Strike
1-2: SINGLE (Groundball, 56S, EV 73.8 MPH) (infield hit)
Batting: RHB Herb McIntyre 0-0: Ball
1-0: SINGLE (Groundball, 3D, EV 95.0 MPH)
Hector Silva to second
Runner from 2nd tries for 3rd, OUT! 9-5
Herb McIntyre to second
Batting: LHB Adam Hill 0-0: Ball
1-0: Ball
2-0: Called Strike
2-1: Foul Ball, location: 2F
2-2: Foul Ball, location: 2F
2-2: Fly out, F9 (Line Drive, 89M, EV 93.8 MPH)
Batting: RHB Ben Taylor 0-0: Swinging Strike
0-1: Swinging Strike
0-2: Foul Ball, location: 2F
0-2: Fly out, F8 (Line Drive, 8RD, EV 83.8 MPH)
Bottom of the 6th over - 0 runs, 2 hits, 0 errors, 1 left on base; San Jose 2 - Biloxi 0
TOP OF THE 7TH
San Jose Giants batting - Pitching for Biloxi Shuckers : RHP Josh Kenyon
Pitching: LHP Benito Vargas
Batting: LHB Jared Paige 0-0: Ball
1-0: Foul Ball, location: 2F
1-1: Swinging Strike
1-2: Foul Ball, location: 2F
1-2: Strikes out swinging
Batting: LHB Willie Ceniceros 0-0: Called Strike
0-1: Ground out 4-3 (Groundball, 4S, EV 91.9 MPH)
Batting: RHB Yutaka Oki 0-0: Called Strike
0-1: Ball
1-1: Swinging Strike
1-2: Ball
2-2: Foul Ball, location: 2F
2-2: Foul Ball, location: 2F
2-2: Strikes out swinging
Top of the 7th over - 0 runs, 0 hits, 0 errors, 0 left on base; San Jose 2 - Biloxi 0
BOTTOM OF THE 7TH
Biloxi Shuckers batting - Pitching for San Jose Giants : RHP Dave Crouch
Now in LF: Josh Straub
Batting: RHB Vinny Estrada 0-0: Fly out, F7 (Flyball, 7LS, EV 90.0 MPH)
Batting: RHB Brian Landrum 0-0: Fly out, F6 (Line Drive, 6, EV 65.6 MPH)
Batting: RHB Cameron Rattenbury 0-0: Ball
1-0: SINGLE (Line Drive, 8LS, EV 113.1 MPH)
Batting: LHB Paul Collins 0-0: Ball
1-0: Foul Ball, location: 2F
1-1: Ball
2-1: SINGLE (Groundball, 34S, EV 86.9 MPH) (infield hit)
Cameron Rattenbury to second
Batting: SHB Robert Sayer 0-0: Foul Ball, location: 2F
0-1: Foul Ball, location: 2F
0-2: SINGLE (Groundball, 4MD, EV 96.9 MPH)
Cameron Rattenbury to third
Paul Collins to second
Runner from 3rd tries for Home, SAFE, throw by CF to home
Pitching: RHP Micah Teller
Batting: RHB Hector Silva 0-0: Called Strike
0-1: Ground out 4-3 (Groundball, 4MS, EV 81.9 MPH)
Bottom of the 7th over - 1 run, 3 hits, 0 errors, 2 left on base; San Jose 2 - Biloxi 1
TOP OF THE 8TH
San Jose Giants batting - Pitching for Biloxi Shuckers : LHP Benito Vargas
Batting: RHB Justin Baldwin 0-0: Ball
1-0: Foul Ball, location: 2F
1-1: Called Strike
1-2: Foul Ball, location: 2F
1-2: Foul Ball, location: 2F
1-2: Ball
2-2: Ball
3-2: Base on Balls
Batting: RHB Nick Wicker 0-0: Ball
1-0: Swinging Strike
1-1: Ball
2-1: Foul Ball, location: 2F
2-2: Foul Ball, location: 2F
2-2: Ball
3-2: Foul Ball, location: 2F
3-2: Base on Balls
Justin Baldwin to second
Batting: RHB Dinand Brouwer 0-0: Swinging Strike
0-1: Grounds into double play, 6-4-3 (Groundball, 6, EV 83.8 MPH)
Justin Baldwin to third
Batting: SHB David Barona 0-0: Intentional Walk
Batting: LHB Tony Galvan 0-0: Ball
1-0: Called Strike
1-1: Ball
2-1: Foul Ball, location: 2F
2-2: Foul Ball, location: 2F
2-2: Foul Ball, location: 2F
2-2: Ground out 4-3 (Groundball, 4, EV 101.9 MPH)
Top of the 8th over - 0 runs, 0 hits, 0 errors, 2 left on base; San Jose 2 - Biloxi 1
BOTTOM OF THE 8TH
Biloxi Shuckers batting - Pitching for San Jose Giants : RHP Micah Teller
Batting: RHB Herb McIntyre 0-0: Ball
1-0: Called Strike
1-1: Ground out 6-3 (Groundball, 6, EV 103.8 MPH)
Batting: LHB Adam Hill 0-0: Foul Ball, location: 2F
0-1: Ball
1-1: Ball
2-1: Ground out 6-3 (Groundball, 6, EV 81.2 MPH)
Batting: RHB Ben Taylor 0-0: Ball
1-0: Foul Ball, location: 2F
1-1: Fly out, F7 (Flyball, 78M, EV 80.0 MPH)
Bottom of the 8th over - 0 runs, 0 hits, 0 errors, 0 left on base; San Jose 2 - Biloxi 1
TOP OF THE 9TH
San Jose Giants batting - Pitching for Biloxi Shuckers : LHP Benito Vargas
Pitching: RHP Chris Ishii
Batting: LHB Cesar Arteaga 0-0: Ground out 5-3 (Groundball, 56, EV 103.8 MPH)
Pitching: RHP Dan Landry
Batting: LHB Josh Straub 0-0: Ball
1-0: Ball
2-0: Foul Ball, location: 2F
2-1: Called Strike
2-2: Fly out, F7 (Flyball, 7LSF, EV 91.2 MPH)
Batting: LHB Willie Ceniceros 0-0: Ball
1-0: Called Strike
1-1: Ball
2-1: Foul Ball, location: 2F
2-2: Fly out, F7 (Line Drive, 7, EV 95.0 MPH)
Top of the 9th over - 0 runs, 0 hits, 0 errors, 0 left on base; San Jose 2 - Biloxi 1
BOTTOM OF THE 9TH
Biloxi Shuckers batting - Pitching for San Jose Giants : RHP Micah Teller
Pitching: RHP Lorenzo de Jesus
Batting: RHB Vinny Estrada 0-0: Called Strike
0-1: Called Strike
0-2: Fly out, F6 (Line Drive, 6, EV 65.0 MPH)
Pinch Hitting: SHB Sam Bingham 0-0: Ball
1-0: Foul Ball, location: 2F
1-1: Ball
2-1: Ball
3-1: Foul Ball, location: 2F
3-2: Strikes out swinging
Batting: RHB Cameron Rattenbury 0-0: Called Strike
0-1: Ball
1-1: Swinging Strike
1-2: Strikes out swinging
Bottom of the 9th over - 0 runs, 0 hits, 0 errors, 0 left on base; San Jose 2 - Biloxi 1
Thursday, December 15th , 2022 - OOTP Baseball 23.9 Build 102